 Dungeon Crawl Stone Soup version 0.27.1-33-g824d729ab1 (webtiles) character file.

Game seed: 2683493582343603010

41 H0rd4k the Charlatan (level 3, 0/26 HPs)
             Began as a Human Artificer on Dec 17, 2021.
             Slain by a goblin (5 damage)
             ... led by Robin
             ... on level 2 of the Dungeon.
             The game lasted 00:01:31 (2111 turns).

H0rd4k the Charlatan (Human Artificer)              Turns: 2111, Time: 00:01:32

Health: 0/26       AC:  3    Str: 13    XL:     3   Next: 75%
Magic:  3/3        EV: 11    Int: 11    God:
Gold:   68         SH:  0    Dex: 13    Spells: 2/2 levels left

rFire    . . .     SeeInvis .   i - +1 dagger (freeze)
rCold    . . .     Faith    .   (no shield)
rNeg     . . .     Spirit   .   b - +0 leather armour
rPois    .         Reflect  .   (no helmet)
rElec    .         Harm     .   (no cloak)
rCorr    .         Rampage  .   (no gloves)
Will     .....                  (no boots)
Stlth    +.........             (no amulet)
HPRegen  0.08/turn              (no ring)
MPRegen  0.08/turn              (no ring)

@: no status effects
A: no striking features
a: no special abilities


You were on level 2 of the Dungeon.
You visited 1 branch of the dungeon, and saw 2 of its levels.

You collected 68 gold pieces.

Inventory:

Hand Weapons
 g - a +0 dagger
 i - a +1 dagger of freezing (weapon)
Armour
 b - a +0 leather armour (worn)
Wands
 c - a wand of flame (15) (quivered)
 d - a wand of charming (14)
Scrolls
 f - a scroll of fear {unknown}
 h - a scroll of teleportation {unknown}
Potions
 a - a potion of brilliance {unknown}
Miscellaneous
 e - a piece from Xom's chessboard (15/15)


   Skills:
 + Level 1.5 Fighting
 + Level 0.6 Short Blades
 - Level 2.0 Armour
 + Level 1.6 Dodging
 - Level 1.0 Stealth
 + Level 3.8 Evocations


You had 2 spell levels left.
You didn't know any spells.
Your spell library contained the following spells:

 Spells                   Type           Power      Damage    Failure   Level
 Gell's Gravitas          Tloc           0%         N/A       80%         3
 Teleport Other           Tloc           0%         N/A       80%         3
 Dispersal                Tloc           0%         N/A       100%        6


Dungeon Overview and Level Annotations

Branches:
Dungeon (2/15)

Altars:

Annotations:
D:2 Robin


Message History

The hobgoblin is almost dead.
The hobgoblin closely misses you.
You hit the hobgoblin. You freeze the hobgoblin.
You kill the hobgoblin!
Robin throws the goblin at you!
The goblin unwields a +0 dagger.
The goblin wields a +0 hunting sling.
The goblin shoots a stone.
The stone closely misses you.
You hit the goblin. You freeze the goblin.
The goblin is heavily wounded.
The goblin closely misses you.
The goblin shoots a stone.
The stone misses you. Robin throws the goblin at you!
The goblin hits you with a +0 dagger.
The goblin shoots a stone.
The stone hits you but does no damage.
The goblin unwields a +0 hunting sling.
The goblin wields a +0 club.
The goblin hits you with a +0 club.
You hit the goblin. You freeze the goblin.
You kill the goblin!
Robin roars a battlecry!
The goblin shoots a stone.
The stone hits you but does no damage. The goblin completely misses you.
You hit the goblin. You freeze the goblin.
You kill the goblin!
Robin throws the goblin at you! The goblin hits you with a +0 dagger.
The goblin shoots a stone.
The stone misses you.
The stone closely misses the goblin.
You hit the goblin. You freeze the goblin.
The goblin is heavily wounded.
The goblin no longer looks unusually strong. x2
Robin throws the goblin at you!
* * * LOW HITPOINT WARNING * * *
The goblin closely misses you. The goblin hits you but does no damage.
You hit the goblin. You freeze the goblin.
You kill the goblin!
The goblin hits you with a +0 dagger.
* * * LOW HITPOINT WARNING * * *
The goblin shoots a stone.
The stone hits you.
* * * LOW HITPOINT WARNING * * *
Robin roars a battlecry!
The goblins go into a battle-frenzy!
The goblin hits you with a +0 dagger.
You die... #g#####gg #g..gggg.

#g# #g# #.##
#.g# #..## #.g.#
#.#@# .# #.#.#
.# #.#'###.#
########.......#
..........)....#
########.......#
#.......#
#...†...#
#####'#.#


You could see Robin, 2 hobgoblins and 2 goblins.

Vanquished Creatures
  A dart slug (D:1)
  2 endoplasms
  6 goblins
  9 hobgoblins
  3 kobolds (D:1)
  A quokka (D:2)
  3 ball pythons
  5 bats
  A frilled lizard (D:1)
  4 rats (D:1)
35 creatures vanquished.

Vanquished Creatures (others)
  A goblin (D:2)
1 creature vanquished.

Grand Total: 36 creatures vanquished

Notes
Turn   | Place    | Note
-------+----------+-------------------------------------------
     0 | D:1      | H0rd4k the Human Artificer began the quest for the Orb.
     0 | D:1      | Reached XP level 1. HP: 15/15 MP: 1/1
   498 | D:1      | Reached XP level 2. HP: 21/21 MP: 2/2
   724 | D:1      | Reached XP level 3. HP: 19/26 MP: 3/3
  2089 | D:2      | Noticed Robin
  2111 | D:2      | Slain by a goblin

Illustrated notes

Levels and vault maps discovered:
D:1:      dpeg_arrival_water_temple_mockup, layout_basic
D:2:      layout_basic, hellmonk_ecumenical_altar_pennies_from_heaven,
          uniq_crazy_yiuf_cottage, uniq_jessica, uniq_robin

Action                   || total
-------------------------++-------
Melee: Club              ||    40
       Dagger            ||   148
Evoke: Wand              ||     1
 Stab: Sleeping          ||     2
Armor: Leather armour    ||    66
Dodge: Dodged            ||   145
